 Dungeon Crawl Stone Soup version 0.18-a0-952-g309898a (webtiles) character file.

14814 JokEr the Fighter (level 11, -15/86 HPs)
             Began as a Demonspawn Fighter on Dec 30, 2015.
             Was a High Priest of Okawaru.
             Demolished by a large abomination (27 damage)
             ... on level 1 of the Abyss.
             The game lasted 00:36:30 (18126 turns).

JokEr the Fighter (Demonspawn Fighter)             Turns: 18126, Time: 00:36:30

Health: -15/86     AC: 17    Str: 19    XL:     11   Next: 93%
Magic:  26/26      EV:  8    Int: 11    God:    Okawaru [*****.]
Gold:   784        SH:  0    Dex: 16    Spells: 0 memorised, 10 levels left

rFire  . . .     SeeInvis .     o - +3 hand axe (freeze)
rCold  + . .     Gourm    .     H - +0 plate armour
rNeg   . . .     Faith    .     c - +0 shield
rPois  .         Spirit   .     (no helmet)
rElec  .         Dismiss  .     (no cloak)
rCorr  +         Reflect  .     n - +1 pair of gloves
SustAt .         Harm     .     (boots unavailable)
MR     +....     Rnd*Rage +     i - amulet of resist corrosion
Stlth  ..........               w - ring of magical power
                                a - ring of protection from magic

@: confused, agile, very slightly contaminated, hasted, very quick, somewhat
resistant to hostile enchantments, extremely unstealthy
A: talons 3, rough black scales 1, berserk 1, clever 1, clumsy 1, cold
resistance 1, deterioration 1, frail 1, foul stench 2, powered by pain 2, no
device heal 1, rot immunity, MP-powered wands
a: Heroism, Finesse, Renounce Religion


You were on level 1 of the Abyss.
You worshipped Okawaru.
Okawaru was extremely pleased with you.
You were very hungry.

You visited 2 branches of the dungeon, and saw 12 of its levels.
You visited the Abyss 1 time.
You also visited: Sewer.

You collected 784 gold pieces.

Inventory:

Hand Weapons
 o - a +3 hand axe of freezing (weapon)
Armour
 c - a +0 shield (worn)
 n - a +1 pair of gloves (worn)
 H - a +0 plate armour (worn)
Jewellery
 a - a ring of protection from magic (left hand)
 d - an uncursed ring of fire
 i - an amulet of resist corrosion (around neck)
 w - a ring of magical power (right hand)
Wands
 r - a wand of hasting (0/9)
Scrolls
 b - 3 scrolls of fear
 e - 9 scrolls of remove curse
 B - a scroll of teleportation
 C - 2 scrolls of magic mapping
Potions
 j - 2 potions of berserk rage
 k - a potion of magic {unknown}
 l - a potion of might
 m - a potion of lignification
 s - 7 potions of brilliance
 t - a potion of cure mutation {unknown}
 u - 2 potions of flight {unknown}
 v - a potion of agility
 z - a potion of mutation {unknown}
 D - a potion of resistance {unknown}
Books
 p - a book of Burglary

   Spells                             Type                      Level
   a - Swiftness                      Charms/Air                   2
   b - Passwall                       Transmutation/Earth          3
   c - Passage of Golubria            Translocation                4
   d - Lee's Rapid Deconstruction     Earth                        5
   e - Darkness                       Hexes                        6
   f - Invisibility                   Hexes                        6
 y - a book of the Tempests

   Spells                             Type                      Level
   a - Static Discharge               Conjuration/Air              3
   b - Lightning Bolt                 Conjuration/Air              5
   c - Fireball                       Conjuration/Fire             5
   d - Tornado                        Air                          9
   e - Shatter                        Earth                        9
Comestibles
 f - 5 bread rations
 g - 4 beef jerkies
 h - 4 meat rations


   Skills:
 - Level 12.6 Fighting
 - Level 11.9 Axes
 - Level 2.6 Armour
 + Level 3.7 Shields
 - Level 8.9 Invocations


You had 10 spell levels left.
You didn't know any spells.

Dungeon Overview and Level Annotations

Branches:
Dungeon (10/15)            Temple (0/1) D:5            Lair (2/8) D:9
    Orc (0/2) D:9

Altars:
Ashenzari
Fedhas
Gozag
Makhleb
Okawaru
Pakellas
Zin

Shops:
D:3 }   D:4 }   D:5 *}%

Annotations:
Lair:2 Sonja


Innate Abilities, Weirdness & Mutations

You have claws for feet.
You are partially covered in rough black scales (AC +4, Dex -1).
You frequently emit foul miasma when damaged in melee.
You sometimes gain power by taking damage.
You are immune to rotting.
Your mind is acute. (Int +2)
Your flesh is cold resistant.
[You tend to lose your temper in combat.]
[You are clumsy. (Dex -2)]
[Your body sometimes deteriorates upon taking damage.]
[You are frail (-10% HP).]
[Potions and wands are less effective at restoring your health.]
[You expend magic power (3 MP) to strengthen your wands.]


Message History

Your system partially rejects artificial healing.
You feel yourself wasting away.
You feel clumsy.
The raiju twists and deforms.
A giant orange brain comes into view.
A golden eye and a starcursed mass come into view.
You are feeling very hungry.
The golden eye turns its gaze towards you.
The golden eye moves out of view.
You block the harpy skeleton's attack. The harpy skeleton closely misses you.
The giant orange brain pulsates.
Something tries to feed on your intellect!
The starcursed mass shrieks in your mind.
* * * LOW HITPOINT WARNING * * *
The golden eye blinks at you.
You are confused.
A sun demon comes into view.
The sun demon shouts!
The harpy skeleton claws you but does no damage.
The harpy skeleton closely misses you. The large abomination hits you!!
You die...

####.## .#.#.. . ........
....... ..... .. .....#
... #...... XG.# .
.##.....## ##.## ## ...
........###...## ...# .
........#...h.#.G...
..>.............Z........
............*#..@..#.....
... ....... ###.X.## ..#
..........§## ##.## #
.(..##.R....###...# ..
##§......#.....#
..§..§............... R
§§..[X....#..3..#. § ..
..... .###...##
....#......## 5# #.


You could see a starcursed mass, a giant orange brain, a sun demon, a large
abomination, a raiju, a golden eye and a harpy skeleton.

Vanquished Creatures
  A catoblepas (D:8)
  A death yak (D:8)
  A hill giant (D:9)
  An unseen horror (D:10)
  An elephant (D:9)
  Psyche (D:9)
  A gargoyle (D:10)
  8 spiny frogs (Lair:1)
  An apocalypse crab (Abyss:1)
  A komodo dragon (Lair:1)
  A two-headed ogre (D:9)
  3 slime creatures (D:10)
  4 yaks (Lair:1)
  A spriggan (D:9)
  A wyvern (D:10)
  A hippogriff (Lair:1)
  A basilisk (Lair:1)
  8 porcupines
  4 water moccasins
  A small abomination (Abyss:1)
  A sky beast (D:5)
  An ice beast (D:6)
  2 orc warriors (D:6)
  A wasp (D:7)
  A necrophage (D:6)
  5 crocodiles
  2 phantoms
  Blork the orc (D:5)
  3 big kobolds
  6 ogres
  4 centaurs
  A water moccasin zombie (D:7)
  A scorpion (D:9)
  13 giant frogs
  8 killer bees
  5 wights (D:7)
  5 crimson imps
  2 giant frog zombies
  A gnoll shaman (D:3)
  A giant frog skeleton (D:10)
  5 jellies
  6 orc priests
  4 hounds
  7 iguanas
  4 orc wizards
  16 worker ants
  5 sheep (Lair:1)
  4 hound skeletons
  A worker ant zombie (D:8)
  6 gnolls
  3 river rats (Sewer)
  2 shadow imps
  17 adders
  An ooze (D:4)
  An adder skeleton (D:4)
  2 worms (D:2)
  8 giant geckos
  41 orcs
  14 goblins
  8 hobgoblins
  8 jackals
  4 quokkas
  5 ball pythons (Sewer)
  9 bats
  12 giant cockroaches
  A giant cockroach zombie (D:5)
  A giant gecko skeleton (D:6)
  6 giant newts
  28 kobolds
  A quokka skeleton (D:4)
  A quokka zombie (D:8)
  27 rats
  A fungus (Lair:1)
365 creatures vanquished.

Vanquished Creatures (others)
  2 starspawn tentacles (Abyss:1)
  3 starspawn tentacle segments (Abyss:1)
5 creatures vanquished.

Grand Total: 370 creatures vanquished

Notes
Turn   | Place    | Note
--------------------------------------------------------------
     0 | D:1      | JokEr the Demonspawn Fighter began the quest for the Orb.
     0 | D:1      | Reached XP level 1. HP: 18/18 MP: 1/1
   169 | D:1      | Gained mutation: You sometimes gain a little power by taking damage. [demonic ancestry]
   169 | D:1      | Reached XP level 2. HP: 21/24 MP: 2/2
   592 | D:2      | Gained mutation: You sometimes gain power by taking damage. [demonic ancestry]
   592 | D:2      | Reached XP level 3. HP: 21/29 MP: 3/3
  1612 | D:3      | Reached skill level 4 in Fighting
  1612 | D:3      | Gained mutation: You are immune to rotting. [demonic ancestry]
  1612 | D:3      | Reached XP level 4. HP: 32/37 MP: 4/4
  2026 | D:3      | Found an oddly glowing altar of Pakellas.
  2026 | D:3      | Found Pakellas's Prime Provisions.
  2104 | D:4      | Gained mutation: You have sharp toenails. [demonic ancestry]
  2104 | D:4      | Reached XP level 5. HP: 38/43 MP: 5/5
  2355 | D:4      | Found Funkog's Gadget Shoppe.
  2384 | D:4      | Reached skill level 5 in Fighting
  2633 | D:4      | Noticed a phantom
  2668 | D:4      | Killed a phantom
  2668 | D:4      | Gained mutation: You have razor-sharp toenails. [demonic ancestry]
  2668 | D:4      | Reached XP level 6. HP: 28/51 MP: 6/6
  2845 | D:4      | Got an ominously black robe
  2859 | D:4      | Identified the +1 robe of the Hanged Man {+Blink rElec rC++ Str-4} (You found it on level 4 of the Dungeon)
  3080 | D:4      | Found an iron altar of Okawaru.
  3088 | D:4      | Became a worshipper of Warmaster Okawaru
  3257 | D:3      | Reached skill level 5 in Axes
  3406 | D:5      | Entered Level 5 of the Dungeon
  3406 | D:5      | Found Cosuvam's Gadget Emporium.
  3425 | D:5      | Found a staircase to the Ecumenical Temple.
  3469 | D:5      | Found Texy's General Store.
  3573 | D:5      | Gained mutation: You may emit foul miasma when damaged in melee. [demonic ancestry]
  3573 | D:5      | Reached XP level 7. HP: 29/57 MP: 7/7
  3753 | D:5      | Found a glowing drain.
  3799 | D:5      | Reached skill level 6 in Fighting
  3955 | Sewer    | Entered a sewer
  4621 | D:5      | Reached * piety under Okawaru
  4737 | D:5      | Got a faintly glowing buckler
  4757 | D:5      | Identified the cursed -2 buckler "Querruw" {rC+ rCorr} (You found it on level 5 of the Dungeon)
  4899 | D:5      | Noticed Blork the orc
  4916 | D:5      | Killed Blork the orc
  4916 | D:5      | Reached skill level 7 in Fighting
  5006 | D:5      | Found Iske Wun's Food Emporium.
  5231 | D:5      | Gained mutation: You are partially covered in rough black scales (AC +4, Dex -1). [demonic ancestry]
  5231 | D:5      | Reached XP level 8. HP: 55/67 MP: 8/8
  5915 | D:6      | Reached skill level 8 in Fighting
  6009 | D:6      | Found a burning altar of Makhleb.
  6048 | D:6      | Reached ** piety under Okawaru
  6483 | D:6      | Reached XP level 9. HP: 12/75 MP: 9/9
  7075 | D:6      | Found a shattered altar of Ashenzari.
  7148 | D:6      | Reached skill level 9 in Fighting
  7966 | D:7      | Reached *** piety under Okawaru
  8165 | D:8      | Found a blossoming altar of Fedhas.
  8270 | D:8      | Gained mutation: Your mind is acute. (Int +2) [potion of beneficial mutation]
  8293 | D:8      | Noticed a catoblepas
  8336 | D:8      | Killed a catoblepas
  8336 | D:8      | Reached skill level 10 in Fighting
  8707 | D:8      | Found an opulent altar of Gozag.
  8707 | D:8      | Found a glowing silver altar of Zin.
  8997 | D:8      | Gained mutation: You frequently emit foul miasma when damaged in melee. [demonic ancestry]
  8997 | D:8      | Reached XP level 10. HP: 64/86 MP: 10/10
  9130 | D:9      | Found a staircase to the Lair.
  9130 | D:9      | Noticed a death yak
  9131 | D:9      | Noticed an elephant
  9214 | D:8      | Killed a death yak
  9214 | D:8      | Reached **** piety under Okawaru
  9214 | D:8      | Reached skill level 10 in Axes
  9590 | D:9      | Killed an elephant
  9590 | D:9      | Reached skill level 11 in Fighting
  9901 | D:9      | Noticed Psyche
  9930 | D:9      | Killed Psyche
 10032 | D:9      | Found a runed door.
 10050 | D:9      | Found a runed door.
 10688 | D:9      | Found a staircase to the Orcish Mines.
 10901 | D:10     | Entered Level 10 of the Dungeon
 10906 | D:10     | Noticed a hill giant
 10928 | D:9      | Killed a hill giant
 12197 | D:10     | Reached ***** piety under Okawaru
 12315 | D:10     | Reached skill level 12 in Fighting
 12315 | D:10     | Gained mutation: You have claws for feet. [demonic ancestry]
 12315 | D:10     | Reached XP level 11. HP: 75/95 MP: 11/11
 12758 | D:10     | Killed an unseen horror
 13282 | D:10     | Found a shattered altar of Ashenzari.
 13629 | Lair:1   | Entered Level 1 of the Lair of Beasts
 14781 | Lair:1   | Reached skill level 1 in Invocations
 14961 | Lair:1   | Reached skill level 5 in Invocations
 16023 | Lair:1   | Received a gift from Okawaru
 17394 | Lair:2   | Noticed Sonja
 17973 | Lair:2   | Cast into level 1 of the Abyss (Sonja)
 17973 | Abyss:1  | Found a corrupted altar of Lugonu.
 17991 | Abyss:1  | Gained mutation: Your flesh is cold resistant. [potion of beneficial mutation]
 18096 | Abyss:1  | Noticed a tentacled starspawn
 18104 | Abyss:1  | Noticed a wretched star
 18116 | Abyss:1  | HP: 2/96 [efreet/bolt of fire (22)]
 18124 | Abyss:1  | Noticed a giant orange brain
 18124 | Abyss:1  | Noticed a starcursed mass
 18126 | Abyss:1  | Noticed a sun demon
 18126 | Abyss:1  | Demolished by a large abomination

Vault maps used:
D:1:      minmay_arrival_solitary_statue, st_stairs_13, minmay_curled_crystal
D:2:      kennysheep_decorative_pillar
D:3:      johnstein_pakellas_shop, first_bread
D:4:      overflow_temple_1_default, serial_shops, nicolae_shop_statue_plus
D:5:      minmay_temple_entry_trees, serial_shops, kennysheep_little_box, shop,
          nicolae_shop_statue_plus, portal_sewer_entry_f, uniq_blork_the_orc
D:6:      nicolae_ashenzari_panopticon, nicolae_overflow_crystal_walls,
          minmay_misc_feat_plants
D:8:      minmay_distorted_concentric_squares,
          grunt_temple_overflow_gold_and_silver, basic_altar,
          kennysheep_generic_room_9
D:9:      lemuel_insect_pit, david_lair_generic, the_bakery, uniq_psyche
D:10:     basic_altar
Lair:1:   beast_lair_carwin_9, grunt_megastairs_3
Lair:2:   uniq_sonja
Sewer:    sewer_minmay_treatment

Action                   |  1- 3 |  4- 6 |  7- 9 | 10-12 || total
-------------------------+-------+-------+-------+-------++-------
Melee: War axe           |   143 |   175 |   367 |       ||   685
       Hand axe          |       |       |   140 |   624 ||   764
       Unarmed           |       |       |       |    11 ||    11
Invok: Heroism           |       |       |     1 |     5 ||     6
       Finesse           |       |       |       |     1 ||     1
Evoke: Wand              |       |       |       |     3 ||     3
  Use: Scroll            |     5 |     5 |    12 |    10 ||    32
       Potion            |       |     2 |     7 |     6 ||    15
  Eat: Chunk             |     2 |     7 |    11 |    14 ||    34
       Bread ration      |       |       |     1 |     3 ||     4
       Pizza             |       |       |     2 |       ||     2
       Fruit             |       |       |       |     2 ||     2
